 Dungeon Crawl Stone Soup version 0.30-a0-2-gf48d83f5e2 (webtiles) character file.

Game seed: 15230970302493149684

7674 leavemydog the Thaumaturge (level 10, -1/52 HPs)
             Began as a Deep Elf Conjurer on Aug 19, 2022.
             Was a Follower of Vehumet.
             Succumbed to a hornet's poison
             ... on level 9 of the Dungeon.
             The game lasted 00:24:55 (13865 turns).

leavemydog the Thaumaturge (Deep Elf Conjurer)     Turns: 13865, Time: 00:24:56

Health: -1/52      AC:  8    Str: 10    XL:     10   Next: 99%
Magic:  3/30       EV: 12    Int: 28    God:    Vehumet [*.....]
Gold:   454        SH:  0    Dex: 13    Spells: 22/37 levels left

rFire   . . .      SeeInvis .    n - staff of conjuration
rCold   . . .      Faith    .    (no shield)
rNeg    . . .      Spirit   .    F - +1 robe {Will+}
rPois   +          Reflect  .    (helmet restricted)
rElec   .          Harm     .    u - +2 cloak {Stlth+}
rCorr   .          Rampage  .    (no gloves)
Will    ++...                    (no boots)
Stlth   +++.......               (no amulet)
HPRegen 0.17/turn                g - ring of wizardry
MPRegen 0.22/turn                D - +6 ring of strength

@: lethally poisoned (-1 -> -11)
A: antennae 1, talons 1, iridescent scales 1, poison resistance
a: Renounce Religion


You were on level 9 of the Dungeon.
You worshipped Vehumet.
Vehumet was aware of your devotion.
You visited 2 branches of the dungeon, and saw 11 of its levels.

You collected 454 gold pieces.

Inventory:

Hand Weapons
 m - a +2 dagger of speed
Armour
 u - a +2 cloak of stealth (worn)
 F - a +1 robe of willpower (worn)
Magical Staves
 n - a staff of conjuration (weapon)
Jewellery
 g - a ring of wizardry (left hand)
 D - a +6 ring of strength (right hand)
Wands
 r - a wand of polymorph (19)
 A - a wand of paralysis (9)
 B - a wand of flame (8)
Scrolls
 a - 3 scrolls of butterflies {unknown}
 e - a scroll of blinking
 i - 2 scrolls of amnesia
 j - 5 scrolls of teleportation
 o - 2 scrolls of vulnerability
 q - 3 scrolls of noise
 s - a scroll of magic mapping
 v - a scroll of poison
 x - a scroll of fear {unknown}
 y - 2 scrolls of enchant weapon {unknown}
 E - a scroll of brand weapon {unknown}
Potions
 b - 4 potions of brilliance
 c - 2 potions of haste
 d - a potion of degeneration {unknown}
 h - 3 potions of might
 k - 2 potions of invisibility
 l - a potion of mutation
 p - 3 potions of ambrosia {unknown}
 t - 3 potions of lignification {unknown}
 w - a potion of resistance {unknown}
 z - 3 potions of flight {unknown}
 C - a potion of attraction {unknown}


   Skills:
 * Level 1.1 Fighting
 - Level 2.4 Dodging
 - Level 2.4 Stealth
 + Level 14.1 Spellcasting
 + Level 11.7 Conjurations
 * Level 6.7 Hexes
 - Level 7.0 Translocations


You had 22 spell levels left.
You knew the following spells:

 Your Spells              Type           Power      Damage    Failure   Level
a - Magic Dart            Conj           100%       1d8       0%          1
b - Searing Ray           Conj           100%       2d8       1%          2
c - Iskenderun's Mystic   Conj/Tloc      83%        2d16      1%          4
d - Fulminant Prism       Conj/Hex       41%        3d20      1%          4
e - Cause Fear            Hex            27%        N/A       1%          4

Your spell library contained the following spells:

 Spells                   Type           Power      Damage    Failure   Level
 Foxfire                  Conj/Fire      100%       2x1d9     1%          1
 Dazzling Flash           Conj/Hex       100%       N/A       1%          3
 Inner Flame              Hex/Fire       38%        N/A       1%          3
 Tukima's Dance           Hex            55%        N/A       1%          3
 Passage of Golubria      Tloc           56%        N/A       1%          4
 Summon Mana Viper        Hex/Summ       38%        N/A       8%          5
 Yara's Violent Unravell  Hex/Tmut       19%        3d9       8%          5
 Corpse Rot               Necr/Pois/Air  19%        N/A       11%         4
 Dispel Undead            Necr           19%        3d11      11%         4
 Summon Ice Beast         Ice/Summ       19%        N/A       11%         4
 Death Channel            Necr           9%         N/A       82%         6
 Discord                  Hex            27%        N/A       98%         8
 Monstrous Menagerie      Summ           9%         N/A       100%        7


Dungeon Overview and Level Annotations

Branches:
Dungeon (10/15)            Temple (1/1) D:6
   Lair: D:8-11         Orc: D:9-12

Altars:
Ashenzari
Cheibriados
Dithmenos
Elyvilon
Fedhas
Gozag
Hepliaklqana
Kikubaaqudgha
Makhleb
Nemelex Xobeh
Okawaru
Qazlal
Ru
Sif Muna
Trog
Uskayaw
Vehumet
Wu Jian
Xom
Yredelemnul
Zin
The Shining One

Shops:
D:1 *   D:3 [   D:8 (


Innate Abilities, Weirdness & Mutations

You have a pair of small antennae on your head.
You have sharp toenails.
You are partially covered in iridescent scales. (AC +2)
Your system is resistant to poisons. (rPois)


Message History

You shrug off the repeated paralysis!
You can move again.
The hornet closely misses you. The hornet stings you.
You are poisoned.
You feel very sick. Something hits you.
* * * LOW HITPOINT WARNING * * *
Deactivating autopickup; reactivate with Ctrl-A.
The hornet stings you!
* * * LOW HITPOINT WARNING * * *
The hornet stings you but does no damage.
There is a stone staircase leading up, spattered with blood here.
You feel better.
You feel yourself speed up. Something hits you but does no damage.
The hornet misses you. The hornet closely misses you.
You feel better. The hornet stings you!
* * * LOW HITPOINT WARNING * * *
You feel yourself slow down. Something hits you.
* * * LOW HITPOINT WARNING * * *
The hornet barely misses you.
Okay, then.
You feel better. Something hits you.
* * * LOW HITPOINT WARNING * * *
The hornet barely misses you. The gnoll hits you with a +0 club.
* * * LOW HITPOINT WARNING * * *
Something hits you.
* * * LOW HITPOINT WARNING * * *
The hornet stings you but does no damage.
The gnoll hits you with a +0 club.
* * * LOW HITPOINT WARNING * * *
You feel yourself speed up. The hornet stings you.
* * * LOW HITPOINT WARNING * * *
You are lethally poisoned!
Something hits you but does no damage. The hornet barely misses you.
The gnoll splashes around in the water.
You climb upwards.
Reactivating autopickup.
You die...

## #.........## .#
#........## .##
##.......## ..##
##..(.)...# ...#
##....)...##
...####.........#
............[...##
.................###
...####.........@..##
...#
###......y.g..###
..## #.............#
.## ##...........##
..## ##....#....####
...##
##.).####....#####
....###..<##
###...##.#
.........## ##.[..##
........## ##..##


You could see a hornet and a gnoll.

Vanquished Creatures
  Erica (D:8)
  Maurice (D:8)
  Maggie (D:9)
  An unseen horror (D:7)
  Psyche (D:8)
  A troll (D:9)
  Sigmund (D:6)
  11 yaks
  3 wyverns
  Grum (D:8)
  2 water moccasins (D:7)
  2 orc warriors
  A black bear (D:8)
  2 ice beasts
  A sky beast (D:4)
  Pargi (D:3)
  3 wolves (D:8)
  5 centaurs
  An ogre (D:4)
  2 kobold brigands
  A bullfrog (D:8)
  6 scorpions
  5 wights (D:9)
  8 killer bees
  A jelly (D:5)
  A hound (D:6)
  4 orc priests
  A gnoll bouda (D:5)
  4 iguanas
  2 orc wizards (D:9)
  8 gnolls
  9 adders
  A river rat (D:4)
  2 white imps (D:5)
  A worm (D:3)
  4 dart slugs
  25 orcs
  7 ball pythons
  8 bats
  2 endoplasms
  5 giant cockroaches
  14 goblins
  13 hobgoblins
  9 quokkas
  4 frilled lizards
  13 kobolds
  8 rats
208 creatures vanquished.

Vanquished Creatures (others)
  21 fulminant prisms
21 creatures vanquished.

Grand Total: 229 creatures vanquished

Notes
Turn   | Place    | Note
-------+----------+-------------------------------------------
     0 | D:1      | leavemydog the Deep Elf Conjurer began the quest for the
                  | Orb.
     0 | D:1      | Reached XP level 1. HP: 10/10 MP: 6/6
   483 | D:1      | Reached XP level 2. HP: 15/15 MP: 5/8
   486 | D:1      | Learned a level 2 spell: Searing Ray
   620 | D:1      | Reached skill level 5 in Conjurations
  1072 | D:1      | Reached XP level 3. HP: 19/19 MP: 4/9
  1357 | D:1      | Found Qiasheq's General Store.
  1912 | D:2      | Reached skill level 4 in Spellcasting
  2315 | D:2      | Found a faded altar of an unknown god.
  2400 | D:2      | Reached XP level 4. HP: 24/24 MP: 9/12
  2405 | D:2      | Learned a level 4 spell: Iskenderun's Mystic Blast
  3050 | D:3      | Noticed Pargi
  3061 | D:3      | Killed Pargi
  3062 | D:3      | Reached skill level 5 in Spellcasting
  3062 | D:3      | Reached XP level 5. HP: 12/28 MP: 3/15
  3468 | D:3      | Reached skill level 6 in Spellcasting
  3897 | D:3      | Reached XP level 6. HP: 32/32 MP: 7/17
  4126 | D:3      | Found Naliq's Antique Armour Emporium.
  4504 | D:4      | Reached skill level 1 in Translocations
  4541 | D:4      | Found a broken altar of Ashenzari.
  4568 | D:4      | Found a hazy altar of Hepliaklqana.
  4665 | D:4      | Noticed a wyvern
  4673 | D:4      | Killed a wyvern
  4674 | D:4      | Reached skill level 7 in Spellcasting
  4894 | D:4      | Reached XP level 7. HP: 30/36 MP: 17/19
  6178 | D:5      | Entered Level 5 of the Dungeon
  6180 | D:5      | You fall into a shaft and drop 3 floors!
  6206 | D:8      | Noticed Maurice
  6221 | D:8      | Killed Maurice
  6222 | D:8      | Reached skill level 8 in Spellcasting
  6222 | D:8      | Reached XP level 8. HP: 41/41 MP: 9/22
  6344 | D:8      | Reached skill level 9 in Spellcasting
  6656 | D:7      | Reached skill level 10 in Spellcasting
  6858 | D:7      | Found a shimmering blue altar of Sif Muna.
  7244 | D:6      | Found a staircase to the Ecumenical Temple.
  7254 | Temple   | Entered the Ecumenical Temple
  7264 | Temple   | Became a worshipper of Vehumet
  7498 | D:6      | Reached XP level 9. HP: 45/45 MP: 18/25
  7507 | D:5      | Learned a level 4 spell: Fulminant Prism
  7883 | D:5      | Reached skill level 1 in Hexes
  7964 | D:5      | Learned a level 4 spell: Cause Fear
  8558 | D:5      | Reached skill level 5 in Translocations
  8973 | D:6      | Gained mutation: You have sharp toenails. [potion of
                  | mutation]
  8973 | D:6      | Gained mutation: Your system is resistant to poisons.
                  | (rPois) [potion of mutation]
  8973 | D:6      | Gained mutation: You have a pair of small antennae on your
                  | head. [potion of mutation]
  8973 | D:6      | Gained mutation: You are partially covered in iridescent
                  | scales. (AC +2) [potion of mutation]
  9081 | D:6      | Noticed Sigmund
  9086 | D:6      | Killed Sigmund
  9087 | D:6      | Reached skill level 11 in Spellcasting
  9144 | D:6      | Reached skill level 10 in Conjurations
  9977 | D:7      | Killed an unseen horror
 10308 | D:8      | Noticed Erica
 10314 | D:8      | Killed Erica
 10315 | D:8      | Reached skill level 12 in Spellcasting
 10315 | D:8      | Reached XP level 10. HP: 50/50 MP: 19/28
 10348 | D:8      | Noticed Psyche
 10351 | D:8      | Reached * piety under Vehumet
 10351 | D:8      | Offered knowledge of Foxfire by Vehumet.
 10354 | D:8      | Killed Psyche
 10399 | D:8      | Noticed Grum
 10409 | D:8      | Killed Grum
 10410 | D:8      | Reached skill level 5 in Hexes
 11139 | D:8      | Reached skill level 13 in Spellcasting
 11656 | D:8      | Found Viezir's Antique Weapon Shoppe.
 12104 | D:9      | Noticed a lindwurm
 12176 | D:9      | Noticed a lindwurm
 12181 | D:9      | Noticed a lindwurm
 12249 | D:9      | Noticed a lindwurm
 12768 | D:9      | Noticed Maggie
 12777 | D:9      | Killed Maggie
 13064 | D:9      | Reached skill level 1 in Fighting
 13064 | D:9      | Reached skill level 14 in Spellcasting
 13789 | D:10     | Entered Level 10 of the Dungeon
 13857 | D:10     | Paralysed by a hornet for 2 turns
 13864 | D:10     | HP: 2/52 [hornet (4)]
 13865 | D:9      | Succumbed to a hornet's poison

Illustrated notes

Levels and vault maps discovered:
D:1:      dreamdust_arrival_sigmund_warning, layout_loops_ring, serial_shops,
          nicolae_square_shop, minmay_strange_pillars, minmay_misc_feat_plants
D:2:      layout_basic, basic_ecumenical_altar
D:3:      layout_basic, serial_shops, nicolae_lakefront_shop,
          kennysheep_cross_room, chequers_serial_rivers_micro_c, uniq_pargi
D:4:      layout_basic, ashenzari_conservatory_becter,
          nicolae_overflow_hidden_temple, gup_sewer_entry_spiral
D:5:      layout_loops_corners
D:6:      layout_loops_ring, minmay_temple_entry_sparse_star, roderic_lattice_a,
          hangedman_decor_slide_cut, minivault_19, uniq_sigmund
D:7:      layout_cave_pods, mainiacjoe_overflow_chevrons, st_stairs_8
D:8:      layout_layer_cave, serial_shops, nicolae_shop_trees, uniq_erica,
          uniq_grum, uniq_psyche, uniq_maurice
D:9:      layout_layer_cave, minmay_lindwurm_lava, uniq_maggie
D:10:     layout_cave_pools, hiddenorc2_lemuel, serial_shops,
          nicolae_shop_stone, serial_gnoll_camp, gnoll_camp_mini_loothouse,
          gnoll_camp_mini_house, gnoll_camp_mini_hut, gnoll_camp_medium_02,
          gnoll_camp_mini_hut, chequers_serial_rivers_small_b,
          blue_anna_alchemist
Temple:   hellmonk_temple_of_storms

Skill      XL: |  1  2  3  4  5  6  7  8  9 10 |
---------------+-------------------------------+-----
Conjurations   | 5 6 7 8 9 10 11 | 11.7
Spellcasting   | 4 5 6 7 8 10 12 14 | 14.1
Translocations | 1 3 4 6 7 |  7.0
Hexes          | 4 6 |  6.7
Fighting       | 1 |  1.1
Dodging        | |  2.4
Stealth        | |  2.4

Action                   |  1- 3 |  4- 6 |  7- 9 | 10-12 || total
-------------------------+-------+-------+-------+-------++-------
Melee: Unarmed           |     3 |       |       |       ||     3
 Cast: Magic Dart        |    89 |    83 |   131 |    57 ||   360
       Searing Ray       |       |     7 |    25 |    15 ||    47
       Iskenderun's Myst |       |       |     9 |     7 ||    16
       Fulminant Prism   |       |       |     6 |    15 ||    21
  Use: Scroll            |       |     4 |    11 |     1 ||    16
       Potion            |       |       |     5 |     3 ||     8
Armor: Robe              |     2 |     1 |    12 |    16 ||    31
Dodge: Dodged            |     7 |    17 |    34 |    33 ||    91

Table legend: (Time is in decaauts)
 A = Elapsed time spent in this place.
 B = Non-inter-level travel time spent in this place.
 C = Inter-level travel time spent in this place.
 D = Time resting spent in this place.
 E = Time spent auto-exploring this place.
 F = Levels seen in this place.
 G = Mean time per level.
                   A        B        C        D        E       F      G
               +--------+--------+--------+--------+--------+-----+--------+
         Total |  13906 |  13174 |    732 |   4485 |   7484 |  11 | 1264.2 |
       Dungeon |  13859 |  13134 |    725 |   4485 |   7466 |  10 | 1385.9 |
        Temple |     46 |     39 |      7 |      0 |     18 |   1 |   46.0 |
               +--------+--------+--------+--------+--------+-----+--------+

Top non-repeatable levels by time:
     D:4: 2045 daAuts
     D:8: 2037 daAuts
     D:9: 1810 daAuts
     D:1: 1601 daAuts
     D:3: 1491 daAuts
     D:5: 1278 daAuts
     D:7: 1276 daAuts
     D:6: 1160 daAuts
     D:2: 1078 daAuts
    D:10: 78 daAuts
  Temple: 46 daAuts
